 Dungeon Crawl Stone Soup version 0.29.1-12-g30fa7ad0bf (webtiles) character file.

Game seed: 8300477913854670555

94 MajorAdolf the Poker (level 4, -7/44 HPs)
             Began as a Naga Wanderer on Dec 19, 2022.
             Mangled by an orc
             ... wielding a +3 flail
              (10 damage)
             ... on level 5 of the Dungeon.
             The game lasted 00:02:42 (3145 turns).

MajorAdolf the Poker (Naga Wanderer)                Turns: 3145, Time: 00:02:43

Health: -7/44      AC:  2    Str: 13    XL:     4   Next: 63%
Magic:  4/4        EV:  8    Int: 10    God:
Gold:   141        SH:  0    Dex: 16    Spells: 3/3 levels left

rFire   . . .      SeeInvis +   n - +1 trident (venom)
rCold   . . .      Faith    .   (no shield)
rNeg    . . .      Spirit   .   d - +0 leather armour
rPois   +          Reflect  .   (no helmet)
rElec   .          Harm     .   (no cloak)
rCorr   .          Rampage  .   (no gloves)
Will    .....                   (no barding)
Stlth   +.........              (no amulet)
HPRegen 0.14/turn               (no ring)
MPRegen 0.09/turn               (no ring)

@: about to teleport, very slow
A: AC +1, large, see invisible, deformed body, poison resistance, slowness 2,
spit poison 1, naga tail 1
a: Spit Poison


You were on level 5 of the Dungeon.
You visited 1 branch of the dungeon, and saw 5 of its levels.

You collected 141 gold pieces.

Inventory:

Hand Weapons
 m - a +1 dagger of protection
 n - a +1 trident of venom (weapon)
Armour
 d - a +0 leather armour (worn)
Jewellery
 h - an amulet of the acrobat
Scrolls
 c - a scroll of blinking
 k - a scroll of poison {unknown}
Potions
 b - a potion of attraction
 e - a potion of haste {unknown}
 f - 4 potions of heal wounds {unknown}
 i - a potion of berserk rage {unknown}
 j - 2 potions of flight {unknown}
 l - a potion of lignification {unknown}
 o - 2 potions of curing {unknown}
 p - a potion of degeneration {unknown}


   Skills:
 + Level 4.2 Fighting
 + Level 5.8 Polearms
 - Level 1.0 Throwing
 - Level 1.0 Armour


You had 3 spell levels left.
You didn't know any spells.
Your spell library contained the following spells:

 Spells                   Type           Power      Damage    Failure   Level
 Magic Dart               Conj           0%         1d3       43%         1
 Call Imp                 Summ           0%         N/A       58%         2
 Mephitic Cloud           Conj/Pois/Air  0%         N/A       82%         3


Dungeon Overview and Level Annotations

Branches:
Dungeon (5/15)
 Temple: D:4-7

Altars:
Dithmenos
Xom
Yredelemnul

Annotations:
D:3 2 transporters
D:5 Grinder


Innate Abilities, Weirdness & Mutations

Your serpentine skin is tough. (AC +1)
You have supernaturally acute eyesight. (SInv)
Armour fits poorly on your strangely shaped body.
Your system is resistant to poisons. (rPois)
You cover ground very slowly.
You can spit poison.
You have a snake-like lower body.


Message History

Press: ? - help, Shift-Dir - straight line, f - gnoll
Aim: a gnoll, wielding a +0 halberd (65% to hit)
The splash of poison hits the gnoll but does no damage.
The gnoll is poisoned.
A goblin comes into view. It is wielding a +0 club.
You reach to attack!
You hit the gnoll.
The gnoll looks even sicker.
The gnoll is moderately wounded.
You have got your breath back.
The gnoll hits you from afar with a +0 halberd!
The gnoll misses you. The gnoll closely misses you.
The gnoll hits you from afar with a +0 halberd!
The gnoll hits you from afar with a +0 halberd.
The gnoll hits you from afar with a +0 halberd!
* * * LOW HITPOINT WARNING * * *
The gnoll hits you from afar with a +0 halberd.
* * * LOW HITPOINT WARNING * * *
You kill the gnoll!
There is a stone staircase leading down here.
You climb downwards.
Grinder shouts!
There is a stone staircase leading up here.
Unknown command.
Grinder is nearby!
Grinder is nearby!
Grinder is nearby!
Blink to where?
Press: ? - help, Dir - move target A necrophage and an orc come into view.
Found a runed orb.
Found a shimmering altar of Xom.
As you read the scroll of blinking, it crumbles to dust.
As you read the scroll labelled BUVATWUGRI, it crumbles to dust.
You feel a surge of unholy energy.
The orc convulses!
The orc shouts!
It was a scroll of torment.
As you read the scroll labelled OXUNAFRULAI, it crumbles to dust.
You feel strangely unstable.
It was a scroll of teleportation.
Found a scroll of teleportation.
The orc attacks as you move away! The orc hits you with a +3 flail!
You die...

......# . #.....# ..
....#.### ... #......?.
.... #....... .....
#..... # .....n###..#
..# #......@.# ..
#.......o..#
#.#####.≈≈≈≈≈≈≈.[#
#5##.........≈≈≈≈≈≈.#
#......<##.8...._≈≈...
####.##......≈≈≈≈≈≈.##.
####.≈≈≈≈≈≈≈..# .
#........... ###


You could see a necrophage and an orc.

Vanquished Creatures
  A gnoll (D:4)
  2 adders
  2 dart slugs
  2 orcs (D:3)
  3 ball pythons
  4 bats
  5 endoplasms
  5 giant cockroaches
  9 goblins
  4 hobgoblins
  3 jackals (D:3)
  5 kobolds
  A quokka (D:1)
  5 frilled lizards
  4 rats
55 creatures vanquished.

Vanquished Creatures (others)
  5 toadstools (D:4)
5 creatures vanquished.

Grand Total: 60 creatures vanquished

Notes
Turn   | Place    | Note
-------+----------+-------------------------------------------
     0 | D:1      | MajorAdolf the Naga Wanderer began the quest for the Orb.
     0 | D:1      | MajorAdolf set off with the following items: a +1 trident,
                  | a potion of attraction, a scroll of blinking, a +0 leather
                  | armour.
     0 | D:1      | Reached XP level 1. HP: 21/21 MP: 1/1
   142 | D:1      | Reached XP level 2. HP: 18/28 MP: 2/2
  1019 | D:1      | Reached XP level 3. HP: 32/34 MP: 3/3
  1673 | D:2      | Found a shadowy altar of Dithmenos.
  2228 | D:3      | Found a transporter.
  2334 | D:3      | Found a faded altar of an unknown god.
  2455 | D:3      | Found a basalt altar of Yredelemnul.
  2458 | D:3      | Reached XP level 4. HP: 44/44 MP: 4/4
  2557 | D:3      | Found a transporter.
  3135 | D:4      | HP: 2/44 [gnoll/+0 halberd (3)]
  3139 | D:5      | Entered Level 5 of the Dungeon
  3139 | D:5      | Noticed Grinder
  3140 | D:5      | Found a shimmering altar of Xom.
  3140 | D:5      | Noticed a necrophage
  3145 | D:5      | Mangled by an orc

Illustrated notes

Levels and vault maps discovered:
D:1:      spicycebolla_arrival_clurvy, layout_basic
D:2:      layout_basic, basic_altar
D:3:      gammafunk_wand_slinger, layout_basic, old_standard_altar,
          mainiacjoe_overflow_24_doors, hellmonk_ecumenical_altar_inner_sanctum
D:4:      layout_layer_cave, grunt_temple_overflow_magic_moments,
          minmay_temple_entry_offerings, minmay_gold_behind_fungi,
          dreamdust_gnoll_farm, uniq_duvessa
D:5:      layout_loops_cross, mainiacjoe_overflow_catwalk, uniq_grinder

Skill      XL: |  1  2  3 |
---------------+----------+-----
Fighting       | 4 |  4.2
Polearms       | |  5.8
Throwing       | |  1.0
Armour         | |  1.0

Action                   |  1- 3 |  4- 6 || total
-------------------------+-------+-------++-------
Melee: Trident           |   114 |    34 ||   148
 Abil: Spit Poison       |     3 |     3 ||     6
  Use: Scroll            |       |     3 ||     3
 Stab: Sleeping          |     5 |       ||     5
Armor: Leather armour    |    23 |     7 ||    30
Dodge: Dodged            |    36 |    13 ||    49
